 Dungeon Crawl Stone Soup version 0.18-a0-867-gfd1cc8f (webtiles) character file.

859 M4edhros the Sneak (level 8, -16/48 HPs)
             Began as an Octopode Artificer on Dec 21, 2015.
             Demolished by Prince Ribbit (17 damage)
             ... on level 5 of the Dungeon.
             The game lasted 00:07:01 (3425 turns).

M4edhros the Sneak (Octopode Artificer)             Turns: 3425, Time: 00:07:01

Health: -16/48     AC:  1    Str: 10    XL:     8   Next: 2%
Magic:  11/11      EV: 14    Int: 13    God:
Gold:   80         SH:  4    Dex: 13    Spells: 0 memorised, 7 levels left

rFire  . . .     SeeInvis .     m - +0 rapier
rCold  . . .     Gourm    .     (no shield)
rNeg   . . .     Faith    .     (helmet restricted)
rPois  .         Spirit   .     k - +4 amulet of reflection
rElec  .         Dismiss  .     w - -3 ring of intelligence (curse)
rCorr  .         Reflect  +     (no ring)
SustAt .         Harm     .     (no ring)
MR     .....                    (no ring)
Stlth  +++++.....               (no ring)
                                (no ring)
                                (no ring)
                                (no ring)

@: not resistant to hostile enchantments, quite stealthy
A: almost no armour, amphibious, 8 rings, constrict 8, camouflage 1, gelatinous
body 1
a: no special abilities


You were on level 5 of the Dungeon.
You were hungry.

You visited 1 branch of the dungeon, and saw 5 of its levels.

You collected 185 gold pieces.
You spent 105 gold pieces at shops.

Inventory:

Hand Weapons
 a - a +0 short sword
 g - a +0 blowgun
 m - a +0 rapier (weapon)
 o - a +0 hunting sling
 z - a +0 flail of protection
Missiles
 l - 2 poisoned needles
 p - 155 stones (quivered)
 t - 15 sling bullets of frost
Jewellery
 e - an uncursed amulet of harm
 k - a +4 amulet of reflection (around mantle)
 n - an uncursed amulet of the gourmand
 v - an uncursed amulet of rage
 w - a cursed -3 ring of intelligence (left tentacle)
Wands
 b - a wand of flame (8/48)
 c - a wand of enslavement (5/24)
 d - a wand of random effects (12/48)
 y - a wand of confusion (30/48)
 B - a wand of digging (12/24)
Scrolls
 s - a scroll of noise {unknown}
 u - a scroll of enchant weapon
Potions
 j - 2 potions of heal wounds
 x - a potion of poison {unknown}
 A - a potion of ambrosia {unknown}
 C - a potion of berserk rage {unknown}
 D - 2 potions of mutation {unknown}
Comestibles
 f - 3 bread rations
 h - a slice of pizza
 i - a beef jerky
 q - 2 meat rations
 r - a royal jelly


   Skills:
 - Level 1.0 Fighting
 - Level 1.0 Short Blades
 * Level 3.8 Slings
 * Level 5.4 Dodging
 * Level 6.9 Stealth
 + Level 4.7 Evocations


You had 7 spell levels left.
You didn't know any spells.

Dungeon Overview and Level Annotations

Branches:
Dungeon (5/15)
 Temple: D:4-7

Altars:
Ru

Shops:
D:4 ?

Annotations:
D:5 Prince Ribbit


Innate Abilities, Weirdness & Mutations

You cannot wear most types of armour.
You are amphibious.
You can wear up to eight rings at the same time.
You can use your tentacles to constrict eight enemies at once.
Your skin changes colour to match your surroundings (Stealth).
Your rubbery body absorbs attacks (AC +1).


Message History

Prince Ribbit flickers and vanishes!
Deactivating autopickup; reactivate with Ctrl-A.
This wand has 12 charges left.
Evoke which item? (* to show all) (? for menu, Esc to quit)
Zapping:
c - a wand of enslavement (8/24)
Press: ? - help, Shift-Dir - straight line Nothing appears to happen.
This wand has 7 charges left.
Something hits you. Something hits you!
Evoke which item? (* to show all) (? for menu, Esc to quit)
Zapping:
c - a wand of enslavement (7/24)
Press: ? - help, Shift-Dir - straight line Nothing appears to happen.
This wand has 6 charges left.
Something hits you!!
* * * LOW HITPOINT WARNING * * *
Something barely misses you. Something hits you.
* * * LOW HITPOINT WARNING * * *
Evoke which item? (* to show all) (? for menu, Esc to quit)
Zapping:
c - a wand of enslavement (6/24)
Press: ? - help, Shift-Dir - straight line Nothing appears to happen.
This wand has 5 charges left.
Something hits you!
You die...

.####........#.##...........#
..........................>
.....###........#.........#
..........###.........#...#
......................#.#..
..#. ....###.............. ##
##....###..#..#....##.
..##.###.##....#..###
#@....##.##.......
.......##...............
........................
....>..........#########
...............# #
...............#
.................
...............##


There were no monsters in sight!

Vanquished Creatures
  Pikel (D:4)
  Edmund (D:4)
  An ogre (D:5)
  Dowan (D:4)
  2 crimson imps (D:5)
  2 iguanas
  2 worker ants (D:4)
  6 adders
  An adder skeleton (D:4)
  2 giant geckos (D:2)
  12 orcs
  2 bats
  3 giant cockroaches
  A hobgoblin (D:2)
  4 kobolds
  A giant gecko skeleton (D:4)
  6 goblins
  2 quokkas (D:5)
  2 rats
52 creatures vanquished.

Vanquished Creatures (collateral kills)
  A quokka (D:2)
1 creature vanquished.

Vanquished Creatures (others)
  Duvessa (D:4)
  A phantom (D:4)
  2 slaves (D:4)
  A centaur (D:5)
  A worker ant (D:5)
  Robin (D:4)
  An adder (D:2)
  An orc (D:4)
  7 goblins (D:4)
  3 hobgoblins (D:4)
19 creatures vanquished.

Grand Total: 72 creatures vanquished

Notes
Turn   | Place    | Note
--------------------------------------------------------------
     0 | D:1      | M4edhros the Octopode Artificer began the quest for the Orb.
     0 | D:1      | Reached XP level 1. HP: 13/13 MP: 3/3
   506 | D:2      | Reached XP level 2. HP: 11/18 MP: 4/4
   645 | D:2      | Reached XP level 3. HP: 20/23 MP: 5/5
  1153 | D:3      | Reached XP level 4. HP: 23/28 MP: 6/6
  1325 | D:4      | Found Ositokuf's Magic Scroll Shoppe.
  1331 | D:4      | Bought a scroll of enchant weapon for 105 gold pieces
  1705 | D:4      | Reached skill level 1 in Slings
  1705 | D:4      | Reached skill level 4 in Stealth
  1705 | D:4      | Reached XP level 5. HP: 11/33 MP: 7/7
  2213 | D:4      | Noticed Robin
  2340 | D:4      | Noticed Dowan
  2345 | D:4      | Noticed Pikel
  2345 | D:4      | Noticed a slave
  2345 | D:4      | Noticed a slave
  2345 | D:4      | Noticed a slave
  2345 | D:4      | Noticed a slave
  2345 | D:4      | Noticed Duvessa
  2353 | D:4      | Killed Dowan
  2363 | D:4      | Your ally died
  2363 | D:4      | Reached XP level 6. HP: 12/38 MP: 9/9
  2367 | D:4      | Killed Pikel
  2367 | D:4      | Reached skill level 5 in Stealth
  2367 | D:4      | Reached XP level 7. HP: 13/43 MP: 10/10
  2490 | D:4      | Killed Robin
  2636 | D:4      | Noticed Edmund
  2733 | D:4      | Killed Edmund
  2733 | D:4      | Reached skill level 5 in Dodging
  2733 | D:4      | Reached skill level 6 in Stealth
  2901 | D:5      | Entered Level 5 of the Dungeon
  2901 | D:5      | Noticed Prince Ribbit
  3290 | D:5      | Found a sacrificial altar of Ru.
  3381 | D:5      | Reached XP level 8. HP: 46/48 MP: 11/11
  3424 | D:5      | HP: 1/48 [something (6)]
  3425 | D:5      | Demolished by Prince Ribbit

Vault maps used:
D:1:      evilmike_arrival_rings
D:2:      ecumenical_altar_1, kennysheep_flooded_box
D:4:      serial_glass, glass_columns_a, glass_columns_a, serial_shops, shop,
          first_bread, uniq_edmund, uniq_robin, uniq_pikel, uniq_duvessa
D:5:      nicolae_ru_sacrificial_ziggurat, uniq_prince_ribbit1, uniq_eustachio

Action                   |  1- 3 |  4- 6 |  7- 9 || total
-------------------------+-------+-------+-------++-------
Melee: Dagger            |    48 |    12 |       ||    60
       Rapier            |       |    36 |    34 ||    70
       Flail             |       |       |    28 ||    28
Evoke: Wand              |     3 |     6 |    12 ||    21
  Use: Potion            |     2 |       |       ||     2
       Scroll            |     2 |     2 |       ||     4
 Stab: Sleeping          |     4 |     6 |     3 ||    13
       Confused          |       |       |     3 ||     3
  Eat: Chunk             |       |     4 |     3 ||     7
